 Dungeon Crawl Stone Soup version 0.29-a0-1065-g47a6bb87d6 (webtiles) character file.

Game seed: 15307634252763990794

46 nickcage the Cudgeller (level 3, -8/31 HPs)
             Began as a Minotaur Abyssal Knight on Aug 18, 2022.
             Was a Priest of Lugonu.
             Mangled by a gnoll
             ... wielding a +0 flail
              (9 damage)
             ... on level 1 of the Dungeon.
             The game lasted 00:01:56 (1057 turns).

nickcage the Cudgeller (Minotaur Abyssal Knight)    Turns: 1057, Time: 00:01:58

Health: -8/31      AC:  3    Str: 19    XL:     3   Next: 46%
Magic:  3/3        EV: 11    Int:  7    God:    Lugonu [***...]
Gold:   79         SH:  0    Dex: 10    Spells: 2/2 levels left

rFire   . . .      SeeInvis .   a - +1 mace
rCold   . . .      Faith    .   (no shield)
rNeg    . . .      Spirit   .   b - +0 leather armour
rPois   .          Reflect  .   (helmet restricted)
rElec   .          Harm     .   (no cloak)
rCorr   .          Rampage  .   (no gloves)
Will    .....                   (no boots)
Stlth   +.........              (no amulet)
HPRegen 0.10/turn               (no ring)
MPRegen 0.08/turn               (no ring)

@: no status effects
A: horns 2, retaliatory headbutt
a: Renounce Religion, Depart the Abyss, Bend Space, Banish


You were on level 1 of the Dungeon.
You worshipped Lugonu.
Lugonu was most pleased with you.
You visited 1 branch of the dungeon, and saw 2 of its levels.
You visited the Abyss 1 time.

You collected 79 gold pieces.

Inventory:

Hand Weapons
 a - a +1 mace (weapon)
Armour
 b - a +0 leather armour (worn)
Scrolls
 d - 2 scrolls of identify {unknown}
 j - a scroll of enchant armour {unknown}
 k - a scroll of enchant weapon {unknown}
Potions
 c - a potion of resistance {unknown}
 e - a potion of cancellation {unknown}
 f - a potion of curing {unknown}
 g - a potion of haste {unknown}
 h - a potion of berserk rage {unknown}
 i - a potion of lignification {unknown}


   Skills:
 - Level 3.6 Fighting
 * Level 4.8 Maces & Flails
 - Level 2.4 Armour
 - Level 1.1 Dodging
 - Level 1.7 Invocations


You had 2 spell levels left.
You didn't know any spells.
Your spell library was empty.

Dungeon Overview and Level Annotations

Branches:
Dungeon (2/15)

Altars:


Innate Abilities, Weirdness & Mutations

You have a pair of horns on your head.
You reflexively headbutt those who attack you in melee.


Message History

You kill the giant cockroach!
Lugonu accepts your kill. The worm bites you.
The gnoll hits you with a +0 club. The rat barely misses you.
The rat barely misses you. You furiously retaliate!
You headbutt the rat.
You kill the rat!
Lugonu accepts your kill.
There is a stone staircase leading up here.
The gnoll barely misses you. You furiously retaliate!
You headbutt the gnoll. The gnoll barely misses you. You furiously retaliate!
You headbutt the gnoll.
You climb upwards.
There is a stone staircase leading down here.
You hit the gnoll.
The gnoll is heavily wounded.
The gnoll barely misses you. x2
You barely miss the gnoll.
The gnoll is moderately wounded.
The gnoll hits you with a +0 club. The gnoll hits you with a +0 flail.
The gnoll hits you with a +0 club. The gnoll hits you with a +0 flail.
You closely miss the gnoll. Your headbutt misses the gnoll.
The gnoll is heavily wounded.
The gnoll hits you with a +0 club.
* * * LOW HITPOINT WARNING * * *
The gnoll misses you.
You barely miss the gnoll. You headbutt the gnoll.
The gnoll is heavily wounded.
The gnoll closely misses you. The gnoll hits you with a +0 flail.
* * * LOW HITPOINT WARNING * * *
You barely miss the gnoll. Your headbutt misses the gnoll.
The gnoll is moderately wounded.
The gnoll hits you with a +0 club.
* * * LOW HITPOINT WARNING * * *
The gnoll closely misses you.
You hit the gnoll.
You headbutt the gnoll, but do no damage.
The gnoll is moderately wounded.
The gnoll hits you with a +0 club.
* * * LOW HITPOINT WARNING * * *
The gnoll hits you with a +0 flail!
You die...

##......#......#
#......#......#
###...#.......#
# ###.#.......#
# #.#.#.....# #
#...#.....#
##..#.....#
#....gg..#
##...@####
######


You could see 2 gnolls.

Vanquished Creatures
  2 dart slugs (D:1)
  2 bats
  3 endoplasms (D:1)
  2 giant cockroaches
  3 goblins (D:1)
  3 hobgoblins (D:1)
  6 jackals (D:1)
  A kobold (D:1)
  3 ball pythons (D:1)
  11 frilled lizards (D:1)
  4 rats
40 creatures vanquished.

Vanquished Creatures (others)
  10 plants (D:1)
10 creatures vanquished.

Grand Total: 50 creatures vanquished

Notes
Turn   | Place    | Note
-------+----------+-------------------------------------------
     0 | Abyss:1  | nickcage the Minotaur Abyssal Knight began the quest for
                  | the Orb.
     0 | Abyss:1  | Reached XP level 1. HP: 19/19 MP: 1/1
     1 | D:1      | Escaped the Abyss
   125 | D:1      | Reached skill level 3 in Maces & Flails
   233 | D:1      | Reached XP level 2. HP: 26/26 MP: 2/2
   363 | D:1      | Reached skill level 4 in Maces & Flails
   651 | D:1      | Reached XP level 3. HP: 31/31 MP: 3/3
   668 | D:1      | Found a faded altar of an unknown god.
   682 | D:1      | Reached *** piety under Lugonu
  1057 | D:1      | HP: 1/31 [gnoll/+0 club (2)]
  1057 | D:1      | Mangled by a gnoll

Illustrated notes

Levels and vault maps discovered:
D:1:      dpeg_arrival_simpleton_c, layout_basic,
          hellmonk_ecumenical_altar_slurped_away, minmay_lizard_king
D:2:      layout_rooms, minmay_tripent

Skill      XL: |  1  2 |
---------------+-------+-----
Maces & Flails | 3 4 |  4.8
Fighting       | |  3.6
Armour         | |  2.4
Dodging        | |  1.1
Invocations    | |  1.7

Action                   || total
-------------------------++-------
Melee: Mace              ||    70
       Headbutt          ||    12
       Punch             ||     1
Armor: Leather armour    ||    21
Dodge: Dodged            ||    58

Table legend: (Time is in decaauts)
 A = Elapsed time spent in this place.
 B = Non-inter-level travel time spent in this place.
 C = Inter-level travel time spent in this place.
 D = Time resting spent in this place.
 E = Time spent auto-exploring this place.
 F = Levels seen in this place.
 G = Mean time per level.
                   A        B        C        D        E       F      G
               +--------+--------+--------+--------+--------+-----+--------+
         Total |   1071 |   1026 |     45 |    215 |    631 |   3 |  357.0 |
       Dungeon |   1070 |   1025 |     45 |    215 |    631 |   2 |  535.0 |
         Abyss |      1 |      1 |      0 |      0 |      0 |   1 |    1.0 |
               +--------+--------+--------+--------+--------+-----+--------+

Top non-repeatable levels by time:
     D:1: 1057 daAuts
     D:2: 12 daAuts
 Abyss:1: 1 daAuts
